 Dungeon Crawl Stone Soup version 0.23.2-40-g277498a001 (webtiles) character file.

Game seed: 3280511264089081

2231 BreadTh the Transmogrifier (level 8, -13/58 (59) HPs)
             Began as a Demigod Transmuter on Aug 31, 2019.
             Mangled by an orc warrior
             ... wielding a +0 long sword
              (15 damage)
             ... on level 7 of the Dungeon.
             The game lasted 00:32:44 (8373 turns).

BreadTh the Transmogrifier (Demigod Transmuter)     Turns: 8373, Time: 00:32:45

HP:   -13/58 (59)   AC:  2    Str: 15    XL:     8   Next: 91%
MP:   13/14         EV: 20    Int: 17    God:
Gold: 336           SH:  0    Dex: 25    Spells: 3/11 levels left

rFire    x . .     SeeInvis .     - Unarmed
rCold    + . .     Gourm    .   (shield currently unavailable)
rNeg     . . .     Faith    .   (armour currently unavailable)
rPois    .         Spirit   .   (helmet currently unavailable)
rElec    .         Reflect  .   (cloak currently unavailable)
rCorr    .         Harm     .   (gloves currently unavailable)
MR       .....                  (boots currently unavailable)
Stlth    ++........             (no amulet)
HPRegen  0.19/turn              c - ring of poison resistance
MPRegen  0.14/turn              t - ring of ice

@: spider-form, starving
A: tiny, high mp 1, mutation resistance 1, strong 1
a: End Transformation


You were on level 7 of the Dungeon.
You were starving.
You were a venomous arachnid creature.
You visited 1 branch of the dungeon, and saw 7 of its levels.
You also visited: Sewer.

You collected 336 gold pieces.

Inventory:

Missiles
 a - 106 arrows
 j - 104 stones
 v - 7 silver javelins (quivered)
 B - 2 javelins
Armour
 m - a +0 helmet (melded)
 s - a +0 cloak (melded)
 z - a +0 pair of boots (melded)
 A - the +1 leather armour of Coawin Jomm (melded) {rC++ Str+4}
   (You found it on level 4 of the Dungeon)

   It affects your strength (+4).
   It greatly protects you from cold.
Jewellery
 c - a ring of poison resistance (left front leg)
 t - a ring of ice (right front leg)
Wands
 r - a wand of enslavement (11)
Scrolls
 g - 4 scrolls of magic mapping
 i - 5 scrolls of teleportation
 k - a scroll of enchant weapon {unknown}
 l - 3 scrolls of blinking
 o - a scroll of enchant armour {unknown}
 q - 5 scrolls of immolation
 y - a scroll of remove curse
Potions
 b - 2 potions of resistance
 e - 4 potions of invisibility
 f - 2 potions of ambrosia
 h - 4 potions of brilliance
 n - 3 potions of curing
 p - a potion of haste
 u - a potion of flight {unknown}
 w - 2 potions of agility
 x - 3 potions of heal wounds
 C - a potion of might
Comestibles
 d - 14 rations


   Skills:
 - Level 1.0 Fighting
 - Level 2.0 Dodging
 - Level 6.0 Unarmed Combat
 + Level 2.0 Spellcasting
 + Level 9.8 Transmutations


You had 3 spell levels left.
You knew the following spells:

 Your Spells              Type           Power        Failure   Level  Hunger
a - Beastly Appendage     Tmut           #####.       3%          1    #......
b - Spider Form           Tmut/Pois      ###.......   21%         3    ###....
c - Ice Form              Ice/Tmut       ####....     47%         4    #####..

Your spell library contained the following spells:

 Spells                   Type           Power        Failure   Level  Hunger
 Sticks to Snakes         Tmut           #####...     3%          2    ###....
 Blade Hands              Tmut           #####.....   24%         5    ######.


Dungeon Overview and Level Annotations

Branches:
Dungeon (7/15)             Temple (0/1) D:7

Annotations:
D:4 3 runed translucent doors, Descartes's ghost, amateur TeAE
D:7 2 runed translucent doors


Innate Abilities, Weirdness & Mutations

You have an increased reservoir of magic. (+10% MP)
((You are partially covered in large bone plates. (SH +4)))
You are somewhat resistant to further mutation.
Your muscles are strong. (Str +2)


Message History

* * * LOW HITPOINT WARNING * * *
The orc wizard casts a spell.
The orc wizard seems to speed up.
You hit the orc warrior but do no damage.
The orc warrior looks as sick as possible!
The orc warrior is severely wounded.
The orc warrior completely misses you.
You hit the orc warrior.
The orc warrior looks as sick as possible!
The orc warrior is almost dead.
You hit the orc warrior but do no damage.
The orc warrior looks as sick as possible!
The orc warrior is almost dead.
The orc wizard mumbles some strange words.
The orc wizard blinks!
The orc priest calls down the wrath of Beogh upon you.
Beogh smites you!
* * * LOW HITPOINT WARNING * * *
The orc warrior hits you with a +0 long sword!
You die...

#........)...>......
#.###.####'###.#..#
#.....##.......#..# #
#..##.##....#.....#..
#......#....#..#.....
##..##.####.##........
###...##.####.##..#.##.#
......#...##............
....#.#...######s###.#.#
...##.#...# #o# # #
...##.#...# #ยง#
<..#......+


oo. ...#......# ### ..))......# ...##.#...# ...# ... ... ...# ###.# . You could
see an orc warrior, an orc priest and an orc.

Vanquished Creatures
  A water moccasin (D:7)
  A sky beast (D:5)
  An ice beast (D:5)
  An ogre (D:4)
  A necrophage (D:5)
  3 centaurs
  A big kobold (D:7)
  3 bullfrogs
  A howler monkey (D:5)
  2 crimson imps (D:5)
  A bullfrog zombie (D:5)
  A jelly (D:5)
  3 orc priests
  3 hounds
  4 orc wizards
  A gnoll shaman (D:6)
  A centaur skeleton (D:4)
  Jessica (D:2)
  2 worker ants (D:4)
  An iguana (D:5)
  Natasha (thrice) (D:3)
  13 adders
  21 gnolls
  A howler monkey skeleton (D:5)
  5 river rats
  2 shadow imps (D:7)
  An ooze (D:3)
  An adder zombie (D:5)
  3 worms
  5 dart slugs
  6 leopard geckos
  19 orcs
  12 bats
  6 giant cockroaches
  10 goblins
  6 hobgoblins
  14 jackals
  7 kobolds
  3 quokkas
  3 ball pythons
  14 frilled lizards
  18 rats
206 creatures vanquished.

Notes
Turn   | Place    | Note
-------+----------+-------------------------------------------
     0 | D:1      | BreadTh the Demigod Transmuter began the quest for the Orb.
     0 | D:1      | Reached XP level 1. HP: 15/15 MP: 5/5
    28 | D:1      | Reached skill level 1 in Fighting
   204 | D:1      | Reached XP level 2. HP: 15/23 MP: 5/7
   359 | D:1      | Reached skill level 2 in Transmutations
   859 | D:1      | Reached XP level 3. HP: 26/28 MP: 5/8
  1038 | D:1      | Learned a level 3 spell: Spider Form
  1482 | D:2      | Reached XP level 4. HP: 26/35 MP: 6/9
  1971 | D:2      | Noticed Jessica
  1979 | D:2      | Noticed a gnoll sergeant
  2234 | D:2      | Reached skill level 5 in Unarmed Combat
  2242 | D:2      | Killed Jessica
  2242 | D:2      | Reached XP level 5. HP: 24/40 MP: 4/10
  3135 | D:3      | Noticed Natasha
  3141 | D:3      | Killed Natasha
  3317 | D:3      | Reached XP level 6. HP: 35/47 MP: 1/11
  3409 | D:3      | Reached skill level 3 in Transmutations
  3680 | D:3      | Noticed Natasha
  3692 | D:3      | Killed Natasha
  3759 | D:3      | Noticed Natasha
  3766 | D:3      | Killed Natasha
  3876 | D:4      | Reached skill level 4 in Transmutations
  3997 | D:4      | Found a glowing drain.
  4018 | Sewer    | Entered a sewer
  4327 | Sewer    | Reached XP level 7. HP: 49/52 MP: 9/13
  4607 | D:4      | Learned a level 4 spell: Ice Form
  4740 | D:4      | Found a runed translucent gate.
  4741 | D:4      | Found a runed translucent gate.
  4742 | D:4      | Found a runed translucent gate.
  4743 | D:4      | Noticed Descartes's ghost (amateur TeAE)
  4754 | D:4      | Got a slimy leather armour
  4815 | D:4      | Reached skill level 5 in Transmutations
  5116 | D:4      | Identified the +1 leather armour of Coawin Jomm {rC++
                  | Str+4} (You found it on level 4 of the Dungeon)
  5121 | D:5      | Entered Level 5 of the Dungeon
  5180 | D:5      | Reached skill level 6 in Transmutations
  5547 | D:5      | Reached skill level 7 in Transmutations
  5603 | D:5      | Reached XP level 8. HP: 35/59 MP: 9/14
  6016 | D:5      | Reached skill level 8 in Transmutations
  6054 | D:5      | Gained mutation: Your muscles are strong. (Str +2) [potion
                  | of mutation]
  6054 | D:5      | Gained mutation: You are partially covered in large bone
                  | plates. (SH +4) [potion of mutation]
  6054 | D:5      | Gained mutation: You are somewhat resistant to further
                  | mutation. [potion of mutation]
  7073 | D:6      | Reached skill level 9 in Transmutations
  7352 | D:6      | Found a glowing golden altar of the Shining One.
  8173 | D:7      | Found a staircase to the Ecumenical Temple.
  8192 | D:7      | Found a large runed translucent door.
  8192 | D:7      | Found a large runed translucent door.
  8373 | D:7      | HP: 2/58 [orc priest/divine providence (8)]
  8373 | D:7      | Mangled by an orc warrior

Skill      XL: |  1  2  3  4  5  6  7  8 |
---------------+-------------------------+-----
Fighting       | 1 |  1.0
Unarmed Combat | 3 4 5 6 |  6.0
Dodging        | 2 |  2.0
Spellcasting   | 2 |  2.0
Transmutations | 2 4 7 9 |  9.8

Action                   |  1- 3 |  4- 6 |  7- 9 || total
-------------------------+-------+-------+-------++-------
Melee: Unarmed           |   134 |   218 |   289 ||   641
       Dagger            |    23 |       |       ||    23
       Headbutt          |     5 |       |       ||     5
       Punch             |     6 |     2 |     3 ||    11
       Kick              |     1 |       |     3 ||     4
Throw: Javelin           |       |       |     3 ||     3
 Cast: Beastly Appendage |     4 |     1 |     2 ||     7
       Spider Form       |     2 |    25 |    33 ||    60
  Use: Scroll            |       |     8 |    10 ||    18
       Potion            |       |       |     1 ||     1
 Stab: Sleeping          |     2 |     3 |     1 ||     6
  Eat: Chunk             |     2 |    13 |    16 ||    31
Armor: Robe              |    32 |       |       ||    32
       Leather armour    |     3 |    22 |    18 ||    43
       Skin              |       |     7 |     8 ||    15
Dodge: Dodged            |   122 |   160 |   210 ||   492
Block: Other             |       |       |     4 ||     4
